 Dungeon Crawl Stone Soup version 0.31.0-10-gcf4a605ca0 (webtiles) character file.

Game seed: 14303291813711053949

545 PriceMaster the Apothecary (level 7, -1/42 HPs)
             Began as an Octopode Alchemist on Jan 26, 2024.
             Succumbed to poison
             ... on level 3 of the Dungeon.
             The game lasted 00:11:50 (2823 turns).

PriceMaster the Apothecary (Octopode Alchemist)     Turns: 2823, Time: 00:11:51

Health: -1/42      AC:  1    Str:  8    XL:     7   Next: 27%
Magic:  12/13      EV: 13    Int: 19    God:
Gold:   139        SH:  0    Dex: 12    Spells: 3/14 levels left

rFire   . . .        a - +2 dagger (protect)
rCold   . . .        d - orb {*channel}
rNeg    . . .        (helmet restricted)
rPois   .            (no amulet)
rElec   .            (no ring)
rCorr   .            (no ring)
SInv    .            (no ring)
Will    .....        (no ring)
Stlth   +++          (no ring)
HPRegen 0.27/turn    (no ring)
MPRegen 0.13/turn    (no ring)
                     (no ring)

%: channel magic (20%)
@: lethally poisoned (-1 -> -29), attractive, very slightly contaminated
A: almost no armour, amphibious, 8 rings, camouflage 1, gelatinous body 1,
(nimble swimmer 1), tentacles
a: no special abilities


You were on level 3 of the Dungeon.
You visited 1 branch of the dungeon, and saw 3 of its levels.

You collected 139 gold pieces.

Inventory:

Hand Weapons
 a - a +2 dagger of protection (weapon)
 b - a +0 dagger of protection
 e - a +0 scythe
Armour
 d - an orb of energy (worn)
Wands
 g - a wand of polymorph (10)
 j - a wand of charming (8)
Scrolls
 f - a scroll of vulnerability
 h - a scroll of immolation
 i - a scroll of identify


   Skills:
 + Level 0.7 Fighting
 + Level 1.2 Short Blades
 + Level 2.6 Dodging
 + Level 4.1 Stealth
 + Level 0.5 Unarmed Combat
 + Level 4.0 Spellcasting
 + Level 2.2 Conjurations
 + Level 2.4 Air Magic
 + Level 5.4 Alchemy


You had 3 spell levels left.
You knew the following spells:

 Your Spells              Type           Power      Damage    Failure   Level
a - Sting                 Conj/Alch      72%        1d7       10%         1
b - Mercury Vapours       Alch/Air       36%        N/A       13%         2
c - Mephitic Cloud        Conj/Alch/Air  16%        N/A       26%         3
d - Apportation           Tloc           6%         N/A       32%         1
e - Olgreb's Toxic Radia  Alch           24%        N/A       32%         4

Your spell library contained the following spells:

 Spells                   Type           Power      Damage    Failure   Level
 Summon Small Mammal      Summ           12%        N/A       32%         1
 Jinxbite                 Hex            6%         N/A       41%         2
 Call Canine Familiar     Summ           3%         N/A       61%         3
 Alistair's Intoxication  Alch           16%        N/A       61%         5
 Sticky Flame             Fire/Alch      14%        2d5       63%         4
 Summon Blazeheart Golem  Fire/Summ      3%         N/A       92%         4


Dungeon Overview and Level Annotations

Branches:
Dungeon (3/15)

Altars:
Sif Muna

Shops:
D:2 [


Innate Abilities, Weirdness & Mutations

You cannot wear most types of armour.
You are amphibious.
You can wear up to eight rings at the same time.
Your skin changes colour to match your surroundings (Stealth+).
Your rubbery body absorbs attacks. (AC +1, EV +1)
((You are camouflaged when in or above water. (Stealth+)))
You have tentacles for arms and can constrict up to eight enemies at once.


Message History

Casting: Sting (safe; 10% risk of failure)
Confirm with . or Enter, or press ? or * to list all spells.
You don't know that spell.
Casting: Sting (safe; 10% risk of failure)
Confirm with . or Enter, or press ? or * to list all spells.
You don't know that spell.
Casting: Sting (safe; 10% risk of failure)
Confirm with . or Enter, or press ? or * to list all spells.
You miscast Olgreb's Toxic Radiance.
You are very lightly contaminated with residual magic.
Nothing appears to happen.
Magical energy flows into your mind!
Casting: Olgreb's Toxic Radiance (quite dangerous; 32% risk of failure)
Confirm with . or Enter, or press ? or * to list all spells.
You miscast Olgreb's Toxic Radiance.
Mercury flows from your tentacles.
You are poisoned.
Magical energy flows into your mind!
You feel very sick.
Casting: Olgreb's Toxic Radiance (quite dangerous; 32% risk of failure)
Confirm with . or Enter, or press ? or * to list all spells.
You miscast Olgreb's Toxic Radiance.
You are engulfed in toxic fumes.
You are lethally poisoned!
Magical energy flows into your mind!
You feel extremely sick.
It was a potion of attraction.
You feel attractive to monsters.
You feel extremely sick. The bat is attracted toward you.
As you read the scroll labelled ZONTI NOTHUG, it crumbles to dust.
It is a scroll of identify.
You don't currently have any unidentified items.
* * * LOW HITPOINT WARNING * * *
You feel extremely sick.
Casting: Olgreb's Toxic Radiance (quite dangerous; 32% risk of failure)
Confirm with . or Enter, or press ? or * to list all spells.
Aiming: Sting (safe; 10% risk of failure)
Press: ? - help, Shift-Dir - straight line, f - bat
Aim: a bat (asleep, 100% to hit)
The sting hits the bat.
The bat is poisoned.
You kill the bat!
You die...

#........≈≈........
##....)..≈≈.......#
##......≈≈......##
###.....≈≈.....###
..##..........##.# #
#.###......).###..
#.##.############ #.#
#§.............## #..
##@##.........# #.#
##...#.........# ###
##..............### #
#.................# #
#.......#......##.###
#.≈≈☼≈≈§##...#.......
#.≈☼☼§≈...#.####..###
#.≈≈§§≈.#.#.......#
##.≈≈.≈≈.#.######.##


There were no monsters in sight!

Vanquished Creatures
  Grinder (D:3)
  Sigmund (D:2)
  Ijyb (D:3)
  Natasha (twice) (D:3)
  Robin (D:2)
  4 adders (D:2)
  A ribbon worm (D:2)
  2 orcs (D:3)
  5 bats
  2 endoplasms
  A giant cockroach (D:1)
  16 goblins
  10 hobgoblins
  9 jackals
  6 kobolds
  A quokka (D:1)
  4 ball pythons
  4 frilled lizards
  6 rats
77 creatures vanquished.

Notes
Turn   | Place    | Note
-------+----------+-------------------------------------------
     0 | D:1      | PriceMaster the Octopode Alchemist began the quest for the
                  | Orb.
     0 | D:1      | Reached XP level 1. HP: 11/11 MP: 3/3
   169 | D:1      | Reached XP level 2. HP: 17/17 MP: 3/5
   220 | D:1      | Learned a level 2 spell: Mercury Vapours
   600 | D:1      | Reached XP level 3. HP: 21/21 MP: 3/6
  1090 | D:2      | Found a faded altar of an unknown god.
  1145 | D:2      | Learned a level 3 spell: Mephitic Cloud
  1163 | D:2      | Noticed Sigmund
  1175 | D:2      | Killed Sigmund
  1176 | D:2      | Reached skill level 1 in Air Magic
  1176 | D:2      | Reached skill level 4 in Alchemy
  1176 | D:2      | Reached XP level 4. HP: 27/27 MP: 1/9
  1176 | D:2      | Reached XP level 5. HP: 31/31 MP: 1/10
  1279 | D:2      | Noticed Robin
  1313 | D:2      | Killed Robin
  1314 | D:2      | Reached XP level 6. HP: 30/37 MP: 0/11
  1551 | D:2      | Learned a level 1 spell: Apportation
  1749 | D:2      | Found Rent's Armour Shoppe.
  2046 | D:3      | Noticed Natasha
  2049 | D:3      | Killed Natasha
  2050 | D:3      | Reached skill level 1 in Short Blades
  2127 | D:3      | Noticed Grinder
  2133 | D:3      | Paralysed by Grinder for 4 turns
  2137 | D:3      | Noticed Natasha
  2144 | D:3      | Killed Natasha
  2155 | D:3      | Killed Grinder
  2156 | D:3      | Reached skill level 5 in Alchemy
  2156 | D:3      | Reached XP level 7. HP: 16/42 MP: 2/13
  2361 | D:3      | Learned a level 4 spell: Olgreb's Toxic Radiance
  2477 | D:3      | Noticed Ijyb
  2488 | D:3      | Killed Ijyb
  2788 | D:3      | Found a shimmering blue altar of Sif Muna.
  2823 | D:3      | Succumbed to poison

Illustrated notes

Levels and vault maps discovered:
D:1:      dpeg_arrival_arbitrary_c, layout_basic
D:2:      layout_rooms, serial_shops, shop_statue, nicolae_ecumenical_pavilion,
          uniq_sigmund, uniq_robin
D:3:      layout_loops_cross, grunt_temple_overflow_order_and_chaos_2,
          nicolae_sif_muna_condensation, grunt_ministairs_14,
          kennysheep_cross_room, hex_medium, uniq_natasha, uniq_ijyb,
          uniq_grinder

Skill      XL: |  1  2  3  4  5  6 |
---------------+-------------------+-----
Stealth        | 3 4 |  4.1
Spellcasting   | 3 4 |  4.0
Air Magic      | 1 2 |  2.4
Alchemy        | 4 5 |  5.4
Short Blades   | 1 |  1.2
Conjurations   | 2 |  2.2
Fighting       | |  0.7
Dodging        | |  2.6
Unarmed Combat | |  0.5

Action                     |  1- 3 |  4- 6 |  7- 9 || total
---------------------------+-------+-------+-------++-------
  Melee: Unarmed           |    22 |       |       ||    22
         Constrict         |    10 |    12 |     1 ||    23
         Tentacles         |     7 |     8 |       ||    15
         Dagger            |    13 |    52 |     2 ||    67
   Cast: Sting             |    24 |    21 |    15 ||    60
         Mercury Vapours   |    15 |    18 |     2 ||    35
         Mephitic Cloud    |     1 |     7 |     4 ||    12
         Olgreb's Toxic Ra |       |       |     2 ||     2
         Apportation       |       |       |     1 ||     1
    Use: Scroll            |     1 |     2 |     1 ||     4
         Potion            |       |     2 |     1 ||     3
   Stab: Sleeping          |     1 |     3 |       ||     4
         Confused          |       |     1 |       ||     1
 Armour: Skin              |    19 |    35 |     3 ||    57
  Dodge: Dodged            |    30 |    55 |     2 ||    87
